 Dungeon Sprint DCSS version 0.17-a0-1262-gd250d98 (webtiles) character file.

2917 Kidiri the Unseen (level 9, -2/48 HPs)
             Began as a Spriggan Assassin on June 6, 2015.
             Was a High Priest of Dithmenos.
             Killed by divine providence
             ... invoked by an orc high priest
              (16 damage)
             ... in the Dungeon (Sprint III: "The Ten Rune Challenge").
             The game lasted 00:12:01 (1318 turns).

Kidiri the Unseen (Spriggan Assassin)               Turns: 1318, Time: 00:12:01

Health: -2/48      AC:  4    Str:  7    XL:     9   Next: 50%
Magic:  1/20       EV: 32    Int: 12    God:    Dithmenos [*****.]
Gold:   1150       SH:  0    Dex: 21    Spells: 5 memorised, 9 levels left

rFire  + + .     SeeInvis +     x - +4 dagger (speed)
rCold  x . .     Clarity  .     c - +0 robe
rNeg   . . .     SustAt   .     (shield restricted)
rPois  .         Gourm    .     (helmet restricted)
rElec  .         Spirit   .     d - +0 cloak
rCorr  .         Warding  .     (gloves unavailable)
rMut   .         NoTele   +     (boots unavailable)
MR     +....                    (no amulet)
Stlth  ++++++++++               (no ring)
                                n - ring of fire

@: very slightly contaminated, wreathed by umbra, repel missiles, very quick,
somewhat resistant to hostile enchantments, uncannily stealthy
A: unfitting armour, talons 1, thin metallic scales 1, see invisible, deformed
body, fire resistance 1, herbivore 3, speed 3, sense surroundings 1, slow
metabolism 2
a: Shadow Step, Shadow Form, Renounce Religion


You were in the Dungeon.
You worshipped Dithmenos.
Dithmenos was extremely pleased with you.
You were not hungry.

You visited 1 branch You collected 1150 gold pieces.

Inventory:

Hand weapons
 a - a +2 dagger
 b - a +0 blowgun
 x - a +4 dagger of speed (weapon)
Missiles
 e - 7 poisoned needles
 f - 2 curare-tipped needles
Armour
 c - a +0 robe (worn)
 d - a +0 cloak (worn)
Jewellery
 n - a ring of fire (left hand)
Magical devices
 v - a wand of slowing (28)
Scrolls
 m - a scroll of blinking
 p - 2 scrolls of torment {unknown}
 q - 4 scrolls of identify
 r - 3 scrolls of remove curse
Potions
 h - 2 potions of curing
 j - a potion of haste
 k - a potion of magic
 l - a potion of berserk rage
 s - 3 potions of cure mutation
 t - 3 potions of flight
 z - a potion of might
Books
 w - a book of Air

   Spells                             Type                      Level
   a - Shock                          Conjuration/Air              1
   b - Swiftness                      Charms/Air                   2
   c - Repel Missiles                 Charms/Air                   2
   d - Static Discharge               Conjuration/Air              3
   e - Lightning Bolt                 Conjuration/Air              5
Comestibles
 g - 2 bread rations
 o - a royal jelly
 u - 4 fruits


   Skills:
 + Level 5.8 Fighting
 * Level 10.9 Short Blades
 + Level 7.7 Throwing
 * Level 13.4 Dodging
 * Level 15.2 Stealth
 * Level 7.2 Spellcasting
 + Level 2.8 Conjurations
 + Level 5.6 Charms
 + Level 3.3 Air Magic
 + Level 3.9 Invocations
 + Level 5.1 Evocations


You had 9 spell levels left.
You knew the following spells:

 Your Spells              Type           Power        Failure   Level  Hunger
a - Shock                 Conj/Air       ##..         6%          1    None
b - Repel Missiles        Chrm/Air       ###...       4%          2    #......
c - Swiftness             Chrm/Air       ###.....     4%          2    #......
d - Static Discharge      Conj/Air       ##......     17%         3    ###....
e - Lightning Bolt        Conj/Air       ##........   97%         5    ######.


Dungeon Overview and Level Annotations

Branches:
Dungeon (1/1)

Altars:
Cheibriados
Dithmenos
Elyvilon
Fedhas
Gozag
Kikubaaqudgha
Makhleb
Nemelex Xobeh
Okawaru
Qazlal
Ru
Sif Muna
Trog
Vehumet
Xom
Yredelemnul
Zin
The Shining One
Jiyva
Lugonu


Innate Abilities, Weirdness & Mutations

You are tiny and cannot use many weapons and most armour.
You have supernaturally acute eyesight.
You are a herbivore.
You cover ground extremely quickly.
You need consume almost no food.
You have sharp toenails.
You are partially covered in thin metallic scales (AC +2).
Armour fits poorly on your strangely shaped body.
Your flesh is heat resistant.
You passively map a small area around you.


Message History

The orc high priest is lightly wounded.
Casting: Shock
Confirm with . or Enter, or press ? or * to list all spells.
The orc warrior is struck by lightning.
The orc warrior is severely wounded.
The lightning arcs!
The orc high priest is struck by lightning.
The orc high priest is moderately wounded.
The lightning grounds out.
The orc warrior hits you with a mace.
The orc high priest calls upon Beogh to heal the orc zombie.
Casting: Static Discharge
Confirm with . or Enter, or press ? or * to list all spells.
The orc warrior is struck by lightning.
The orc warrior is almost dead.
The lightning arcs!
You are struck by lightning.
* * * LOW HITPOINT WARNING * * *
The lightning grounds out.
The orc warrior completely misses you.
The orc high priest invokes the aid of Beogh against you.
Something smites you!
You die...

..#)..#...#._#......o. ,
..###'#'###'##$...o... ,*
..#.......)..#.$...., * ,,*
..'.⌠........#.$.# , + ,,
..#...######'#§# **
[.#.⌠.#__#...#Z############## *
..#...#__#...#o4§.#)#)#)....# ,
..#'###__#...##o#.%#.##.###.#,,
..#.)[#__#...'##@#.#.##.#).##,
..#___#_.'...#...#..#..##.)+ ,
▓▓▓▓▓▓▓▓▓▓▓▓▓▓▓▓▓▓▓▓▓▓▓▓▓▓▓# ,
, ≈ , , ≈≈ + ≈ * * , , * * * *
* * , * ≈ , , ,


You could see an orc high priest, a sixfirhy and an orc warrior.

Vanquished Creatures
  Erolcha (D)
  An orc sorcerer (D)
  A deep elf priest (D)
  A shadow (D)
  A spatial vortex (D)
  2 hill giants (D)
  A necrophage (D)
  2 orc warriors (D)
  3 two-headed ogres (D)
  A water elemental (D)
  A jelly (D)
  2 orc wizards (D)
  3 orc priests (D)
  Jessica (D)
  A necromancer (D)
  A kobold demonologist (D)
  3 humans (D)
  A wizard (D)
  An ooze (D)
  A phantom (D)
  6 orcs (D)
  A rat (D)
36 creatures vanquished.

Vanquished Creatures (others)
  2 draconian scorchers (D)
  A yaktaur (D)
3 creatures vanquished.

Grand Total: 39 creatures vanquished

Notes
Turn   | Place    | Note
--------------------------------------------------------------
     0 | D        | Kidiri the Spriggan Assassin began the quest for the Orb.
     0 | D        | Reached XP level 1. HP: 10/10 MP: 2/2
     9 | D        | Reached skill level 6 in Stealth
    60 | D        | Noticed Jessica
    64 | D        | Killed Jessica
    64 | D        | Reached skill level 7 in Stealth
    64 | D        | Reached XP level 2. HP: 15/15 MP: 3/3
    64 | D        | Reached XP level 3. HP: 18/18 MP: 4/4
    80 | D        | Killed a yaktaur
   120 | D        | Reached skill level 5 in Dodging
   120 | D        | Reached skill level 8 in Stealth
   152 | D        | Gained mutation: You have sharp toenails. [potion of mutation]
   152 | D        | Gained mutation: You are partially covered in thin metallic scales (AC +2). [potion of mutation]
   153 | D        | Gained mutation: You passively map a small area around you. [potion of mutation]
   153 | D        | Gained mutation: Armour fits poorly on your strangely shaped body. [potion of mutation]
   153 | D        | Gained mutation: Your flesh is heat resistant. [potion of mutation]
   221 | D        | Killed a white draconian scorcher
   224 | D        | Killed a white draconian scorcher
   291 | D        | Noticed a water elemental
   295 | D        | Killed a water elemental
   295 | D        | Reached skill level 5 in Short Blades
   295 | D        | Reached skill level 9 in Stealth
   295 | D        | Reached XP level 4. HP: 22/24 MP: 5/5
   332 | D        | Noticed a jelly
   333 | D        | Noticed a shadow
   335 | D        | Killed a shadow
   335 | D        | Reached skill level 5 in Throwing
   335 | D        | Reached skill level 11 in Stealth
   335 | D        | Reached XP level 5. HP: 27/29 MP: 6/6
   339 | D        | Killed a jelly
   339 | D        | Reached XP level 6. HP: 30/33 MP: 7/7
   346 | D        | Found a stormy altar of Qazlal.
   346 | D        | Found a sacrificial altar of Ru.
   346 | D        | Found a burning altar of Makhleb.
   346 | D        | Found a shimmering altar of Xom.
   346 | D        | Noticed a spatial vortex
   347 | D        | Found a viscous altar of Jiyva.
   347 | D        | Found a shadowy altar of Dithmenos.
   347 | D        | Found a sparkling altar of Nemelex Xobeh.
   347 | D        | Found a corrupted altar of Lugonu.
   347 | D        | Found an opulent altar of Gozag.
   357 | D        | Became a worshipper of Dithmenos the Shadowed
   382 | D        | Killed a spatial vortex
   382 | D        | Reached skill level 10 in Dodging
   382 | D        | Reached skill level 12 in Stealth
   501 | D        | Found a basalt altar of Yredelemnul.
   501 | D        | Found a snail-covered altar of Cheibriados.
   501 | D        | Found a blossoming altar of Fedhas.
   501 | D        | Noticed a necrophage
   501 | D        | Noticed a necromancer
   521 | D        | Killed a necromancer
   542 | D        | Killed a necrophage
   542 | D        | Reached XP level 7. HP: 28/36 MP: 8/8
   705 | D        | Found a radiant altar of Vehumet.
   705 | D        | Found a deep blue altar of Sif Muna.
   705 | D        | Found an ancient bone altar of Kikubaaqudgha.
   705 | D        | Noticed a wizard
   707 | D        | Killed a wizard
   716 | D        | Learned a level 1 spell: Shock
   719 | D        | Learned a level 2 spell: Repel Missiles
   722 | D        | Learned a level 2 spell: Swiftness
   738 | D        | Found a glowing silver altar of Zin.
   738 | D        | Found a glowing golden altar of the Shining One.
   738 | D        | Found a white marble altar of Elyvilon.
   739 | D        | Noticed a deep elf priest
   741 | D        | Killed a deep elf priest
   741 | D        | Reached skill level 13 in Stealth
   741 | D        | Reached skill level 1 in Air Magic
   741 | D        | Reached skill level 1 in Invocations
   741 | D        | Reached skill level 1 in Evocations
   776 | D        | Found an iron altar of Okawaru.
   777 | D        | Found a bloodstained altar of Trog.
   777 | D        | Noticed a human
   777 | D        | Noticed a human
   819 | D        | Killed a human
   819 | D        | Acquired Dithmenos's first power
   819 | D        | Reached skill level 1 in Conjurations
   950 | D        | Killed a human
   950 | D        | Reached skill level 5 in Fighting
   950 | D        | Reached XP level 8. HP: 26/41 MP: 14/14
  1095 | D        | Noticed a two-headed ogre
  1095 | D        | Noticed a two-headed ogre
  1099 | D        | Killed a two-headed ogre
  1101 | D        | Killed a two-headed ogre
  1105 | D        | Noticed a two-headed ogre
  1106 | D        | Killed a two-headed ogre
  1111 | D        | Noticed a hill giant
  1114 | D        | Killed a hill giant
  1114 | D        | Acquired Dithmenos's second power
  1114 | D        | Reached skill level 14 in Stealth
  1126 | D        | Noticed a hill giant
  1126 | D        | Noticed Erolcha
  1128 | D        | Killed Erolcha
  1128 | D        | Reached skill level 10 in Short Blades
  1128 | D        | Reached XP level 9. HP: 43/45 MP: 16/19
  1129 | D        | Killed a hill giant
  1129 | D        | Reached skill level 5 in Charms
  1162 | D        | Learned a level 3 spell: Static Discharge
  1168 | D        | Learned a level 5 spell: Lightning Bolt
  1169 | D        | Noticed an orc priest
  1170 | D        | Noticed an orc wizard
  1170 | D        | Noticed an orc priest
  1170 | D        | Noticed an orc wizard
  1172 | D        | Noticed an orc high priest
  1174 | D        | Noticed an orc warrior
  1175 | D        | Noticed an orc sorcerer
  1184 | D        | Killed an orc wizard
  1184 | D        | Acquired Dithmenos's third power
  1188 | D        | Killed an orc priest
  1190 | D        | Killed an orc wizard
  1199 | D        | Acquired Dithmenos's fourth power
  1200 | D        | Killed an orc priest
  1204 | D        | Killed an orc warrior
  1230 | D        | Noticed an orc priest
  1234 | D        | Killed an orc priest
  1263 | D        | Noticed an orc warrior
  1267 | D        | Noticed an orc warrior
  1275 | D        | Killed an orc sorcerer
  1275 | D        | Reached skill level 15 in Stealth
  1275 | D        | Reached skill level 5 in Evocations
  1287 | D        | Killed an orc warrior
  1318 | D        | Killed from afar by an orc high priest

Vault maps used:
D:        dungeon_sprint_mu

Action                   |  1- 3 |  4- 6 |  7- 9 || total
-------------------------+-------+-------+-------++-------
Melee: Dagger            |    12 |    56 |   130 ||   198
 Fire: Blowgun           |     7 |       |     1 ||     8
 Cast: Shock             |       |       |    26 ||    26
       Static Discharge  |       |       |     7 ||     7
       Repel Missiles    |       |       |     1 ||     1
  Use: Potion            |     2 |       |     2 ||     4
 Stab: Sleeping          |     4 |     2 |     9 ||    15
